 Dungeon Sprint DCSS version 0.20-a0-1058-g0491fde (webtiles) character file.

5659 potatolord5000 the Acrobat (level 10, -7/87 HPs)
             Began as a Spriggan Assassin on Apr 26, 2017.
             Was a Priest of Fedhas.
             Mangled by an eight-headed hydra (14 damage)
             ... in the Dungeon (Sprint V: "Ziggurat Sprint").
             The game lasted 00:14:59 (689 turns).

potatolord5000 the Acrobat (Spriggan Assassin)       Turns: 689, Time: 00:15:00

Health: -7/87      AC:  5    Str: 12    XL:     10   Next: 46%
Magic:  4/11       EV: 44    Int: 19    God:    Fedhas [***...]
Gold:   0          SH:  0    Dex: 25    Spells: 9/9 levels left

rFire    . . .     SeeInvis +   o - +5 rapier (elec)
rCold    . . .     Gourm    .   (shield restricted)
rNeg     + . .     Faith    .   e - +2 robe {rN+}
rPois    .         Spirit   .   (helmet restricted)
rElec    .         Reflect  .   d - +0 cloak
rCorr    .         Harm     .   (gloves unavailable)
MR       +....     NoTele   +   (boots unavailable)
Stlth    ..........             q - amulet of Roto {+Rage Int+3 Dex+3}
Regen    0.3/turn               w - +6 ring of dexterity
MPRegen  0.2/turn               p - ring of the Dolphin {+Fly EV+3 Int+3 Dex-5 Slay+6}

@: berserking, flying, very slightly contaminated, hasted, very quick
A: unfitting armour, see invisible, herbivore 3, speed 3, slow metabolism 2
a: Fungal Bloom, Evolution, Sunlight, Growth, Renounce Religion, Evoke Berserk
Rage, Stop Flying


You were in the Dungeon.
You worshipped Fedhas.
Fedhas was most pleased with you.
You were full.

You visited 1 branch

Inventory:

Hand Weapons
 o - a +5 rapier of electrocution (weapon)
Armour
 d - a +0 cloak (worn)
 e - a +2 robe of positive energy (worn)
Jewellery
 p - the ring of the Dolphin (right hand) {+Fly EV+3 Int+3 Dex-5 Slay+6}
   (You took it off an orc priest in the Dungeon)

   [ring of evasion]

   It affects your evasion (+3).
   It affects your intelligence (+3).
   It affects your dexterity (-5).
   It affects your accuracy and damage with ranged weapons and melee attacks
   (+6).
   It lets you fly.
 q - the amulet of Roto (around neck) {+Rage Int+3 Dex+3}
   (You found it in the Dungeon)

   [amulet of rage]

   It affects your intelligence (+3).
   It affects your dexterity (+3).
   It lets you go berserk.
 w - a +6 ring of dexterity (left hand)
Scrolls
 m - 4 scrolls of blinking
 t - 5 scrolls of remove curse
Potions
 a - 2 potions of brilliance
 c - 4 potions of resistance
 f - 3 potions of agility
 h - 7 potions of curing
 i - 3 potions of heal wounds
 j - 5 potions of haste
 k - 7 potions of magic
 l - a potion of berserk rage
 n - 2 potions of might
Comestibles
 g - 5 bread rations
 r - a royal jelly
 v - 42 fruits


   Skills:
 + Level 9.4 Fighting
 + Level 12.0 Short Blades
 - Level 7.5 Throwing
 * Level 22.5 Dodging
 + Level 16.5 Stealth


You had 9 spell levels left.
You didn't know any spells.

Dungeon Overview and Level Annotations

Branches:
Dungeon (1/1)

Altars:
Ashenzari
Cheibriados
Dithmenos
Elyvilon
Fedhas
Gozag
Hepliaklqana
Kikubaaqudgha
Makhleb
Nemelex Xobeh
Okawaru
Qazlal
Ru
Sif Muna
Trog
Uskayaw
Vehumet
Wu Jian
Xom
Yredelemnul
Zin
The Shining One
Beogh
Jiyva
Lugonu


Innate Abilities, Weirdness & Mutations

You are very small and have problems with some larger weapons.
You are too small for most types of armour.
You have supernaturally acute eyesight. (SInv)
You are a herbivore.
You cover ground extremely quickly.
You need consume almost no food.


Message History

The four-headed hydra completely misses you. x2
The eight-headed hydra completely misses you.
The eight-headed hydra bites you!
* * * LOW HITPOINT WARNING * * *
The eight-headed hydra misses you.
The eight-headed hydra completely misses you.
The eight-headed hydra barely misses you.
The eight-headed hydra completely misses you.
The eight-headed hydra bites you.
* * * LOW HITPOINT WARNING * * *
The eight-headed hydra closely misses you.
You puncture the eight-headed hydra!
The eight-headed hydra is almost dead.
The hell rat completely misses you.
The eight-headed hydra completely misses you. x3
The eight-headed hydra misses you.
The eight-headed hydra completely misses you.
The eight-headed hydra misses you. The eight-headed hydra bites you!
You die...
Fedhas appreciates your contribution to the ecosystem.

▓...8©8...▓
▓..?))}}..▓..))))|..▓
▓..[)}=)..▓...)|=:..▓
▓.........▓..†......▓
▓.........▓.....††..▓
▓.........▓..†......▓
▓....k....▓.........▓
▓...FDD...▓.▓.....▓.▓
▓...D@Fl..▓....†....▓
▓...r.t...▓▓▓▓▓▓▓▓▓▓▓
▓▓▓▓▓▓▓▓▓▓▓


You could see 2 eight-headed hydras, a four-headed hydra, a komodo dragon, a
spiny frog, a blink frog, a rime drake, a crocodile and a hell rat.

Vanquished Creatures
  A thrashing horror (D)
  An unseen horror (shapeshifter) (D)
  An ugly thing (D)
  A black mamba (shapeshifter) (D)
  A black mamba (D)
  A troll (shapeshifter) (D)
  A wind drake (shapeshifter) (D)
  2 raiju (shapeshifter) (D)
  A hornet (D)
  4 spriggans (D)
  A tarantella (shapeshifter) (D)
  A water moccasin (D)
  2 hell hounds (D)
  2 orc warriors (D)
  5 black bears (D)
  An eye of draining (shapeshifter) (D)
  A necrophage (D)
  4 wolves (D)
  A crimson imp (D)
  A quasit (D)
  An orc priest (D)
  5 orc wizards (D)
  An iron imp (D)
  3 adders (D)
  A shadow imp (D)
  A white imp (D)
  An adder zombie (D)
  An adder skeleton (D)
  6 ball pythons (D)
  A bat skeleton (D)
  A fire vortex (D)
55 creatures vanquished.

Notes
Turn   | Place    | Note
-------+----------+-------------------------------------------
     0 | D        | potatolord5000 the Spriggan Assassin began the quest for the Orb.
     0 | D        | Reached XP level 1. HP: 10/10 MP: 2/2
    10 | D        | Found a blossoming altar of Fedhas.
    11 | D        | Found a deep blue altar of Sif Muna.
    11 | D        | Found a sacrificial altar of Ru.
    11 | D        | Found a bloodstained altar of Trog.
    11 | D        | Found a stormy altar of Qazlal.
    11 | D        | Found an iron altar of Okawaru.
    11 | D        | Found a sparkling altar of Nemelex Xobeh.
    13 | D        | Found an ancient bone altar of Kikubaaqudgha.
    13 | D        | Found a viscous altar of Jiyva.
    13 | D        | Found a corrupted altar of Lugonu.
    13 | D        | Found a hazy altar of Hepliaklqana.
    13 | D        | Found a burning altar of Makhleb.
    13 | D        | Found an opulent altar of Gozag.
   130 | D        | Became a worshipper of Fedhas Madash
   143 | D        | Reached skill level 6 in Dodging
   143 | D        | Reached XP level 2. HP: 16/16 MP: 3/3
   144 | D        | Entered arena 2.
   144 | D        | Noticed a necrophage
   147 | D        | Killed a necrophage
   147 | D        | Reached skill level 5 in Short Blades
   147 | D        | Reached skill level 8 in Dodging
   147 | D        | Reached XP level 3. HP: 21/21 MP: 4/4
   147 | D        | Reached XP level 4. HP: 25/25 MP: 5/5
   161 | D        | Entered arena 3.
   161 | D        | Noticed a hell hound
   171 | D        | Killed a hell hound
   171 | D        | Reached skill level 5 in Throwing
   171 | D        | Reached skill level 10 in Dodging
   171 | D        | Reached XP level 5. HP: 29/30 MP: 6/6
   189 | D        | Got the amulet of Roto {+Rage Int+3 Dex+3}
   193 | D        | Entered arena 4.
   193 | D        | Noticed a hell hound
   204 | D        | Killed a hell hound
   204 | D        | Reached skill level 12 in Dodging
   204 | D        | Reached skill level 10 in Stealth
   204 | D        | Reached XP level 6. HP: 20/35 MP: 7/7
   206 | D        | Reached skill level 5 in Fighting
   228 | D        | Entered arena 5.
   247 | D        | Entered arena 6.
   247 | D        | Noticed a thrashing horror
   252 | D        | Reached skill level 13 in Dodging
   258 | D        | Killed a thrashing horror
   258 | D        | Reached skill level 16 in Dodging
   258 | D        | Reached XP level 7. HP: 40/40 MP: 8/8
   258 | D        | Reached XP level 8. HP: 44/44 MP: 9/9
   269 | D        | Entered arena 7.
   274 | D        | Reached skill level 17 in Dodging
   286 | D        | Reached skill level 18 in Dodging
   305 | D        | Entered arena 8.
   305 | D        | Noticed a spriggan rider
   311 | D        | Reached skill level 19 in Dodging
   327 | D        | Reached XP level 9. HP: 43/50 MP: 10/10
   334 | D        | Reached skill level 20 in Dodging
   345 | D        | Reached skill level 10 in Short Blades
   346 | D        | Paralysed by a hornet for 2 turns
   509 | D        | Reached * piety under Fedhas
   511 | D        | Entered arena 9.
   511 | D        | Noticed a black mamba
   525 | D        | Killed a black mamba
   538 | D        | Reached ** piety under Fedhas
   558 | D        | Entered arena 10.
   564 | D        | Reached *** piety under Fedhas
   572 | D        | Reached skill level 21 in Dodging
   572 | D        | Reached skill level 15 in Stealth
   586 | D        | Got the ring of the Dolphin {+Fly EV+3 Int+3 Dex-5 Slay+6}
   609 | D        | Entered arena 11.
   609 | D        | Noticed a white ugly thing
   609 | D        | Noticed a wind drake
   609 | D        | Noticed a black mamba
   609 | D        | Noticed an unseen horror
   609 | D        | Noticed an unseen horror
   609 | D        | Noticed a troll
   610 | D        | an unseen horror changed into a raiju
   619 | D        | Killed an unseen horror
   619 | D        | Reached XP level 10. HP: 57/57 MP: 11/11
   631 | D        | Killed a white ugly thing
   631 | D        | Reached skill level 22 in Dodging
   646 | D        | Killed a black mamba
   672 | D        | Entered arena 12.
   672 | D        | Noticed a four-headed hydra
   673 | D        | Noticed an eight-headed hydra
   673 | D        | Noticed an eight-headed hydra
   673 | D        | Noticed a spiny frog
   689 | D        | Mangled by an eight-headed hydra

Vault maps used:
D:        sprint_v

Skill      XL: |  1  2  3  4  5  6  7  8  9 10 |
---------------+-------------------------------+-----
Fighting       | 2 3 4 6 7 8 9 |  9.4
Short Blades   | 4 5 6 8 9 11 12 | 12.0
Throwing       | 3 4 5 7 |  7.5
Dodging        | 6 8 10 12 16 19 21 22 | 22.5
Stealth        | 7 8 9 10 12 13 15 16 | 16.5

Action                   |  1- 3 |  4- 6 |  7- 9 | 10-12 || total
-------------------------+-------+-------+-------+-------++-------
Melee: Rapier            |     1 |    32 |   107 |    37 ||   177
 Abil: Evoke Flight      |       |       |       |     1 ||     1
  Use: Potion            |     1 |     6 |    12 |     2 ||    21
       Scroll            |       |       |     1 |       ||     1
 Stab: Sleeping          |     1 |     2 |       |       ||     3
       Invisible         |       |     2 |       |     4 ||     6
  Eat: Royal jelly       |       |     2 |       |       ||     2
Armor: Robe              |       |     2 |     8 |     3 ||    13
Dodge: Dodged            |       |    50 |   274 |    83 ||   407
